 Dungeon Crawl Stone Soup version 0.30-a0-737-gf23d94013f (webtiles) character file.

Game seed: 6596428394393985941

2884 Ijustatesigmund the Thaumaturge (level 9, 0/48 HPs)
             Began as a Deep Elf Conjurer on Feb 2, 2023.
             Slain by a manticore (16 damage)
             ... on level 8 of the Dungeon.
             The game lasted 00:18:27 (9694 turns).

Ijustatesigmund the Thaumaturge (Deep Elf Conjurer) Turns: 9694, Time: 00:18:27

Health: 0/48       AC:  9    Str:  4    XL:     9   Next: 48%
Magic:  16/26      EV: 13    Int: 28    God:
Gold:   286        SH:  0    Dex: 13    Spells: 21/31 levels left

rFire   . . .      SeeInvis .    c - +9 hand axe "Xosojaerph" {speed, rCorr}
rCold   . . .      Faith    .    (no shield)
rNeg    . . .      Spirit   .    a - +2 robe {Will+}
rPois   .          Reflect  .    d - +2 helmet
rElec   .          Harm     .    (no cloak)
rCorr   +          Rampage  .    l - +1 pair of gloves
Will    +....                    (no boots)
Stlth   ++                       (no amulet)
HPRegen 0.28/turn                (no ring)
MPRegen 0.20/turn                (no ring)

@: no status effects
A: no striking features
a: no special abilities


You were on level 8 of the Dungeon.
You visited 2 branches of the dungeon, and saw 9 of its levels.

You collected 447 gold pieces.
You spent 161 gold pieces at shops.

Inventory:

Hand Weapons
 c - the +9 hand axe "Xosojaerph" (weapon) {speed, rCorr}
   (You found it on level 8 of the Dungeon)

   rCorr:     It protects you from acid and corrosion.
 e - a +2 rapier of holy wrath
 o - a +3 dagger
Missiles
 p - 5 throwing nets
Armour
 a - a +2 robe of willpower (worn)
 d - a +2 helmet (worn)
 l - a +1 pair of gloves (worn)
Magical Staves
 m - a staff of earth
Wands
 k - a wand of roots (7)
Scrolls
 i - 7 scrolls of teleportation
 j - a scroll of poison
 q - a scroll of amnesia
 s - 3 scrolls of blinking
 w - 2 scrolls of immolation
Potions
 b - a potion of magic
 g - 3 potions of flight
 h - 2 potions of cancellation
 n - 2 potions of resistance
 r - a potion of might {unknown}
 u - a potion of attraction
 v - 2 potions of curing
 z - a potion of mutation
 A - 2 potions of ambrosia {unknown}


   Skills:
 - Level 1.6 Fighting
 - Level 2.1 Short Blades
 - Level 5.0 Dodging
 - Level 2.4 Stealth
 + Level 11.5 Spellcasting
 + Level 10.4 Conjurations


You had 21 spell levels left.
You knew the following spells:

 Your Spells              Type           Power      Damage    Failure   Level
a - Magic Dart            Conj           100%       1d8       1%          1
b - Searing Ray           Conj           100%       2d8       1%          2
c - Orb of Destruction    Conj           32%        9d10      36%         7

Your spell library contained the following spells:

 Spells                   Type           Power      Damage    Failure   Level
 Dazzling Flash           Conj/Hex       90%        N/A       1%          3
 Hailstorm                Conj/Ice       45%        3d10      1%          3
 Freeze                   Ice            64%        1d7       3%          1
 Fulminant Prism          Conj/Hex       22%        3d12      4%          4
 Iskenderun's Mystic Bla  Conj/Tloc      45%        2d10      4%          4
 Ensorcelled Hibernation  Hex/Ice        32%        N/A       5%          2
 Frozen Ramparts          Ice            32%        1d5       11%         3
 Spider Form              Tmut/Pois      16%        N/A       11%         3
 Summon Guardian Golem    Hex/Summ       16%        N/A       11%         3
 Anguish                  Hex/Necr       8%         N/A       34%         4
 Spellforged Servitor     Conj/Summ      22%        N/A       98%         7


Dungeon Overview and Level Annotations

Branches:
Dungeon (8/15)             Temple (1/1) D:5
   Lair: D:8-11

Altars:
Ashenzari
Cheibriados
Dithmenos
Elyvilon
Fedhas
Gozag
Hepliaklqana
Makhleb
Okawaru
Qazlal
Ru
Sif Muna
Trog
Uskayaw
Vehumet
Wu Jian
Xom
Yredelemnul
The Shining One

Shops:
D:6 *


Message History

The volley of spikes hits you!
The barbed spikes become lodged in your body.
The searing ray hits the manticore!
The manticore is heavily wounded.
You finish channelling your searing ray.
Casting: Searing Ray (safe; 1% risk of failure)
Confirm with . or Enter, or press ? or * to list all spells.
Aiming: Searing Ray (safe; 1% risk of failure)
Press: ? - help, Shift-Dir - straight line, f/p - manticore
Aim: a manticore (heavily wounded, 90% to hit)
The searing ray hits the manticore!
The manticore is heavily wounded. (Press . to maintain the ray.)
The manticore bites you!! The manticore closely misses you.
The manticore barely misses you.
The searing ray misses the manticore.
The manticore bites you. The manticore closely misses you.
The manticore claws you but does no damage.
The searing ray hits the manticore.
The manticore is severely wounded.
The manticore bites you!
* * * LOW HITPOINT WARNING * * *
The manticore closely misses you. The manticore barely misses you.
You feel much better. The manticore bites you!
The manticore closely misses you. The manticore barely misses you.
Okay, then.
Casting: Searing Ray (safe; 1% risk of failure)
Confirm with . or Enter, or press ? or * to list all spells.
Okay, then.
Casting: Searing Ray (safe; 1% risk of failure)
Confirm with . or Enter, or press ? or * to list all spells.
Aiming: Searing Ray (safe; 1% risk of failure)
Press: ? - help, Shift-Dir - straight line, f/p - manticore
Aim: a manticore (severely wounded, 90% to hit)
The searing ray hits the manticore!
The manticore is almost dead. (Press . to maintain the ray.)
You carefully extract the barbed spikes from your body.
The manticore bites you!
You die...

.###.##.###.......).......#.##..)
.#..................#######.##..)
.###..#.###########. #.##...
......#.# .. #.###.# ......#.# ..
#.# #.# #####.#.# #. #.# #.#
......#.. #. #.# #.#
#######.#######H######## #.###.#
#.#.......@......# #.#....
#.#.#####.######.# #.####< ...
#.# #...... ##########.#########.
..................
#######........... ##########..
###


You could see a manticore.

Vanquished Creatures
  A gargoyle (D:6)
  Duvessa (D:7)
  An ice beast (D:5)
  2 orc warriors
  An ogre (D:6)
  4 centaurs
  A phantom (D:4)
  A bullfrog (D:6)
  2 necrophages
  4 scorpions
  Blork the orc (D:5)
  3 wights (D:6)
  Dowan (D:7)
  2 jellies (D:5)
  A howler monkey (D:6)
  A hound (D:5)
  7 orc priests
  Ijyb (D:4)
  Natasha (thrice) (D:4)
  2 iguanas
  9 orc wizards
  7 gnolls
  8 adders
  3 white imps
  An ufetubus (D:2)
  2 worms
  6 dart slugs
  29 orcs
  7 endoplasms
  4 giant cockroaches
  5 hobgoblins
  5 quokkas
  11 ball pythons
  4 bats
  4 frilled lizards
  6 goblins
  4 kobolds
  4 rats
  A bush (D:6)
160 creatures vanquished.

Vanquished Creatures (others)
  4 bushes (D:6)
4 creatures vanquished.

Grand Total: 164 creatures vanquished

Notes
Turn   | Place    | Note
-------+----------+-------------------------------------------
     0 | D:1      | Ijustatesigmund the Deep Elf Conjurer began the quest for
                  | the Orb.
     0 | D:1      | Reached XP level 1. HP: 10/10 MP: 6/6
   251 | D:1      | Reached XP level 2. HP: 15/15 MP: 5/8
   254 | D:1      | Learned a level 2 spell: Searing Ray
  1023 | D:2      | Reached XP level 3. HP: 20/20 MP: 6/10
  1149 | D:2      | Reached skill level 4 in Spellcasting
  1249 | D:2      | Reached skill level 5 in Conjurations
  1291 | D:2      | Reached skill level 1 in Fighting
  1561 | D:2      | Reached XP level 4. HP: 25/25 MP: 10/12
  2102 | D:3      | Found a faded altar of an unknown god.
  2150 | D:3      | Identified the +6 ring mail of Divine Compulsion {rPois rF+
                  | Will+ Str-2}
  3182 | D:4      | Noticed a phantom
  3197 | D:4      | Killed a phantom
  3198 | D:4      | Reached skill level 5 in Spellcasting
  3198 | D:4      | Reached XP level 5. HP: 18/30 MP: 5/14
  3628 | D:4      | Noticed Ijyb
  3644 | D:4      | Killed Ijyb
  3770 | D:4      | Noticed Natasha
  3773 | D:4      | Killed Natasha
  3774 | D:4      | Reached XP level 6. HP: 31/35 MP: 12/16
  3910 | D:4      | Noticed Natasha
  3916 | D:4      | Killed Natasha
  4099 | D:4      | Noticed Natasha
  4102 | D:4      | Killed Natasha
  4103 | D:4      | Reached skill level 1 in Short Blades
  4103 | D:4      | Reached skill level 6 in Spellcasting
  4151 | D:4      | Found a stormy altar of Qazlal.
  4181 | D:4      | Found an opulent altar of Gozag.
  4254 | D:5      | Entered Level 5 of the Dungeon
  4313 | D:5      | Noticed an ice beast
  4325 | D:5      | Killed an ice beast
  4635 | D:5      | Found a bloodstained altar of Trog.
  4640 | D:5      | HP: 1/35 [centaur/arrow (9)]
  4642 | D:5      | Reached XP level 7. HP: 2/39 MP: 13/19
  4810 | D:5      | Noticed Blork the orc
  4820 | D:5      | Killed Blork the orc
  4821 | D:5      | Reached skill level 7 in Spellcasting
  5553 | D:5      | You fall into a shaft and drop 3 floors!
  5610 | D:8      | Identified the +9 hand axe "Xosojaerph" {speed, rCorr}
  5950 | D:7      | Noticed Duvessa
  5951 | D:7      | Noticed Dowan
  5957 | D:7      | Killed Dowan
  5960 | D:7      | Killed Duvessa
  5961 | D:7      | Reached skill level 8 in Spellcasting
  5961 | D:7      | Reached XP level 8. HP: 31/44 MP: 8/22
  6495 | D:8      | Reached skill level 9 in Spellcasting
  6675 | D:7      | Found a broken altar of Ashenzari.
  6814 | D:6      | Found Kela's General Store.
  7005 | D:6      | Bought a scroll of identify for 28 gold pieces
  7005 | D:6      | Bought a scroll of identify for 28 gold pieces
  7005 | D:6      | Bought a scroll of blinking for 105 gold pieces
  7137 | D:6      | Found a snail-covered altar of Cheibriados.
  7271 | D:6      | Reached skill level 5 in Dodging
  7296 | D:6      | Learned a level 7 spell: Orb of Destruction
  7393 | D:5      | Reached skill level 10 in Spellcasting
  7524 | D:5      | Reached XP level 9. HP: 30/48 MP: 15/25
  7657 | D:5      | Found a staircase to the Ecumenical Temple.
  7667 | Temple   | Entered the Ecumenical Temple
  7667 | Temple   | Found a transporter.
  7667 | Temple   | Found a transporter.
  7669 | Temple   | Found a transporter.
  7669 | Temple   | Found a transporter.
  8448 | D:6      | Noticed a gargoyle
  8452 | D:6      | Killed a gargoyle
  8453 | D:6      | Reached skill level 11 in Spellcasting
  8453 | D:6      | Reached skill level 10 in Conjurations
  9039 | D:7      | Found a glowing golden altar of the Shining One.
  9685 | D:8      | Noticed a manticore
  9692 | D:8      | HP: 2/48 [manticore (13)]
  9694 | D:8      | Slain by a manticore

Illustrated notes

Levels and vault maps discovered:
D:1:      minmay_arrival_split_and_join, layout_basic
D:2:      layout_rooms
D:3:      layout_basic, hellmonk_ecumenical_altar_run_dry,
          kennysheep_generic_room_6
D:4:      layout_basic, mainiacjoe_overflow_two_lobes, uniq_natasha, uniq_ijyb
D:5:      layout_basic, trog_book, temple_pool_b, uniq_blork_the_orc
D:6:      layout_basic, mainiacjoe_overflow_tiny_flanked, serial_shops,
          nicolae_stop_n_shop_1, minmay_hedge_maze, kennysheep_generic_room_12
D:7:      layout_loops_cross, overflow_temple_1_default,
          mainiacjoe_overflow_small_starburst, uniq_duvessa
D:8:      layout_basic, zin_scriptorium, nicolae_straight_to_the_point
Temple:   hellmonk_temple_divided_pantheon

Skill      XL: |  1  2  3  4  5  6  7  8  9 |
---------------+----------------------------+-----
Spellcasting   | 4 5 6 8 10 11 | 11.5
Conjurations   | 5 6 7 9 10 | 10.4
Fighting       | 1 |  1.6
Short Blades   | 1 2 |  2.1
Dodging        | 3 5 |  5.0
Stealth        | |  2.4

Action                     |  1- 3 |  4- 6 |  7- 9 || total
---------------------------+-------+-------+-------++-------
  Melee: Rapier            |       |    10 |       ||    10
         Hand axe          |       |       |    69 ||    69
         Punch             |       |       |     3 ||     3
   Cast: Magic Dart        |    74 |   119 |    79 ||   272
         Searing Ray       |       |     7 |    52 ||    59
         Orb of Destructio |       |       |     2 ||     2
  Evoke: Wand              |       |     1 |    13 ||    14
    Use: Scroll            |     3 |     6 |    10 ||    19
         Potion            |       |     1 |     2 ||     3
 Armour: Robe              |     3 |    12 |    25 ||    40
  Dodge: Dodged            |     7 |    14 |    65 ||    86

Table legend: (Time is in decaauts)
 A = Elapsed time spent in this place.
 B = Non-inter-level travel time spent in this place.
 C = Inter-level travel time spent in this place.
 D = Time resting spent in this place.
 E = Time spent auto-exploring this place.
 F = Levels seen in this place.
 G = Mean time per level.
                   A        B        C        D        E       F      G
               +--------+--------+--------+--------+--------+-----+--------+
         Total |   9699 |   9454 |    245 |   2883 |   5441 |   9 | 1077.7 |
       Dungeon |   9644 |   9400 |    244 |   2883 |   5441 |   8 | 1205.5 |
        Temple |     55 |     55 |      0 |      0 |      0 |   1 |   55.0 |
               +--------+--------+--------+--------+--------+-----+--------+

Top non-repeatable levels by time:
     D:5: 1847 daAuts
     D:6: 1415 daAuts
     D:4: 1412 daAuts
     D:7: 1357 daAuts
     D:1: 1006 daAuts
     D:3: 973 daAuts
     D:2: 889 daAuts
     D:8: 742 daAuts
  Temple: 55 daAuts
